 Dungeon Crawl Stone Soup version 0.17.1-1-g73c8601 (webtiles) character file.

2533 shmeve the Fighter (level 9, -5/98 HPs)
             Began as an Ogre Berserker on Apr 19, 2016.
             Was an Elder of Trog.
             Slain by an ogre
             ... wielding a +0 giant club
              (30 damage)
             ... on level 7 of the Dungeon on Apr 20, 2016.
             The game lasted 00:15:00 (6795 turns).

shmeve the Fighter (Ogre Berserker)                 Turns: 6795, Time: 00:15:00

Health: -5/98      AC:  4    Str: 28    XL:     9   Next: 55%
Magic:  9/9        EV: 11    Int:  6    God:    Trog [****..]
Gold:   387        SH:  0    Dex: 10    Spells: 0 memorised, 8 levels left

rFire  . . .     SeeInvis .     B - +0 giant spiked club
rCold  . . .     Clarity  .     s - +1 robe {MR+}
rNeg   . . .     SustAt   .     (shield currently unavailable)
rPois  .         Gourm    .     (helmet restricted)
rElec  .         Spirit   .     (no cloak)
rCorr  .         Warding  .     (gloves unavailable)
rMut   .         Stasis   .     (boots unavailable)
MR     +....                    (no amulet)
Stlth  ++........               (no ring)
                                w - +2 ring of strength

@: exhausted, somewhat resistant to hostile enchantments, unstealthy
A: unfitting armour, tough skin 1
a: Berserk, Trog's Hand, Brothers in Arms, Burn Spellbooks, Renounce Religion


You were on level 7 of the Dungeon.
You worshipped Trog.
Trog was greatly pleased with you.
You were not hungry.

You visited 2 branches of the dungeon, and saw 8 of its levels.

You collected 387 gold pieces.

Inventory:

Hand Weapons
 B - a +0 giant spiked club (weapon)
Armour
 s - a +1 robe of magic resistance (worn)
Jewellery
 w - a +2 ring of strength (left hand)
Wands
 y - a wand of cold (4)
Scrolls
 a - a scroll of fog {unknown}
 e - a scroll of immolation {unknown}
 f - a scroll of teleportation
 h - 4 scrolls of remove curse
 j - a scroll of recharging
 n - 3 scrolls of identify
 x - a scroll of enchant weapon
 A - a scroll of blinking
Potions
 b - a potion of curing {unknown}
 d - a potion of brilliance
 i - 3 potions of might
 l - a potion of flight {unknown}
 o - a potion of mutation {unknown}
 p - a potion of cure mutation {unknown}
 r - a potion of magic {unknown}
 u - 2 potions of heal wounds {unknown}
 z - a potion of cancellation {unknown}
Comestibles
 c - 3 bread rations
 g - 4 meat rations
 k - a slice of pizza
 m - a fruit
 q - a beef jerky
 t - 6 chunks of flesh


   Skills:
 * Level 9.0 Fighting
 * Level 8.9 Maces & Flails
 + Level 4.0 Throwing
 * Level 5.9 Dodging
 * Level 5.1 Stealth


You had 8 spell levels left.
You didn't know any spells.

Dungeon Overview and Level Annotations

Branches:
Dungeon (7/15)             Temple (1/1) D:4

Altars:
Ashenzari
Cheibriados
Fedhas
Kikubaaqudgha
Makhleb
Okawaru
Qazlal
Sif Muna
Vehumet
Xom
Yredelemnul
Zin
The Shining One

Shops:
D:6 =


Innate Abilities, Weirdness & Mutations

You are too large for most types of armour.
You have tough skin (AC +1).


Message History

This raw flesh tastes terrible.
You continue eating. x2
You feel sick.
You start resting.
You feel sick. x3
You are no longer poisoned.
You start resting.
You feel yourself speed up.
You start resting.
An ogre comes into view. It is wielding a giant club.
You start resting.
You barely miss the ogre.
The ogre shouts!
The ogre hits you with a giant club!!
You puncture the ogre!
The ogre is moderately wounded.
The ogre hits you with a giant club!
* * * LOW HITPOINT WARNING * * *
The ogre hits you with a giant club!!
You die...

.###. .# ..#.# .#
...O###.# ...
.(.....# #..# ..#%.#
#..# .(#..# #..#
##O..# #..# #@..>#
#..# #รท.).### #..###
#).....# #.....
#!###..##.#######.###
.(.......<.........#
.. #####
##.###.###.#########
.. ##...## ...# #.#
.. ##.....## #.###
#.# ..##.......# #.#
#.#


You could see an ogre.

Vanquished Creatures
  The ghost of halcyon the Photosynthesist, a novice DsGl of Fedhas (D:7)
  Sigmund (D:6)
  Eustachio (D:6)
  An orc warrior (D:6)
  An ice beast (D:7)
  A necrophage (D:6)
  4 ogres
  2 phantoms
  A centaur (D:6)
  A giant frog (D:6)
  A wyvern skeleton (D:6)
  4 crimson imps
  8 orc wizards
  4 hounds
  3 orc priests
  Jessica (D:2)
  An iguana (D:4)
  A worker ant (D:4)
  A hound zombie (D:5)
  7 gnolls
  6 adders
  An adder zombie (D:5)
  2 worms
  3 giant geckos
  23 orcs
  3 ball pythons
  5 bats
  5 giant cockroaches
  5 goblins
  12 hobgoblins
  6 jackals
  10 kobolds
  A giant gecko zombie (D:6)
  2 giant newts
  2 jackal skeletons
  3 quokkas
  2 quokka zombies (D:5)
  2 rats
138 creatures vanquished.

Vanquished Creatures (others)
  A quokka (D:6)
1 creature vanquished.

Grand Total: 139 creatures vanquished

Notes
Turn   | Place    | Note
--------------------------------------------------------------
     0 | D:1      | shmeve the Ogre Berserker began the quest for the Orb.
     0 | D:1      | Reached XP level 1. HP: 24/24 MP: 1/1
    73 | D:1      | Reached XP level 2. HP: 24/32 MP: 2/2
   473 | D:1      | Reached skill level 1 in Stealth
   473 | D:1      | Reached XP level 3. HP: 36/40 MP: 3/3
   879 | D:2      | Reached ** piety under Trog
   967 | D:2      | Noticed Jessica
   973 | D:2      | Killed Jessica
   973 | D:2      | Reached skill level 1 in Throwing
   973 | D:2      | Reached XP level 4. HP: 42/49 MP: 4/4
  1652 | D:3      | Reached skill level 5 in Fighting
  1652 | D:3      | Reached XP level 5. HP: 18/57 MP: 5/5
  2066 | D:3      | Reached skill level 5 in Maces & Flails
  2378 | D:4      | Reached *** piety under Trog
  2665 | D:4      | Noticed a phantom
  2723 | D:4      | Killed a phantom
  2723 | D:4      | Reached XP level 6. HP: 8/66 MP: 6/6
  3164 | D:4      | Noticed an ogre
  3170 | D:4      | Killed an ogre
  3190 | D:4      | Found a staircase to the Ecumenical Temple.
  3238 | D:4      | Reached XP level 7. HP: 54/74 MP: 7/7
  3240 | D:4      | Reached skill level 6 in Fighting
  3428 | D:4      | Found a burning altar of Makhleb.
  3511 | D:4      | Noticed an ogre
  3516 | D:4      | Killed an ogre
  3749 | D:4      | Found a blossoming altar of Fedhas.
  3749 | D:4      | Found a glowing silver altar of Zin.
  3950 | Temple   | Entered the Ecumenical Temple
  3988 | D:5      | Entered Level 5 of the Dungeon
  4259 | D:5      | Found a shattered altar of Ashenzari.
  4495 | D:5      | Reached XP level 8. HP: 84/84 MP: 8/8
  5172 | D:6      | Reached skill level 7 in Fighting
  5220 | D:6      | Reached **** piety under Trog
  5220 | D:6      | Reached skill level 5 in Dodging
  5482 | D:6      | Noticed Sigmund
  5492 | D:6      | Killed Sigmund
  5495 | D:6      | Noticed Eustachio
  5508 | D:6      | Killed Eustachio
  5508 | D:6      | Reached skill level 8 in Fighting
  5516 | D:6      | Reached XP level 9. HP: 5/96 MP: 9/9
  5516 | D:6      | HP: 1/96 [gnoll/club (4)]
  5892 | D:6      | Found Erae's Jewellery Boutique.
  6028 | D:6      | Found a stormy altar of Qazlal.
  6737 | D:7      | Noticed halcyon's ghost (novice DsGl)
  6746 | D:7      | Killed halcyon's ghost
  6746 | D:7      | Reached skill level 9 in Fighting
  6746 | D:7      | Reached skill level 5 in Stealth
  6795 | D:7      | Slain by an ogre

Action                   |  1- 3 |  4- 6 |  7- 9 || total
-------------------------+-------+-------+-------++-------
Melee: Mace              |    87 |   180 |       ||   267
       Giant club        |       |    16 |   162 ||   178
       Giant spiked club |       |       |    38 ||    38
Throw: Tomahawk          |       |       |     8 ||     8
       Javelin           |       |       |     4 ||     4
Invok: Berserk           |       |     5 |     7 ||    12
       Burn Spellbooks   |       |     2 |       ||     2
       Trog's Hand       |       |     1 |     4 ||     5
  Use: Scroll            |       |       |    11 ||    11
 Stab: Sleeping          |       |     2 |     2 ||     4
  Eat: Chunk             |       |    10 |    18 ||    28
       Pizza             |       |     1 |       ||     1
       Fruit             |       |       |     3 ||     3
